[ PARTIDA AOE2 · #506044272 ]
UnrankedPolacos vs Burmese
Equipo del jugador · VICT
Equipo rival · DERR
[ ANÁLISIS DE REPETICIÓN · EXTRAÍDO DE LA PARTIDA GRABADA ]
Feudal
8:52
Castillos
18:15
Imperial
35:35
| APM promedio | 69.9 |
| APM pico | 107 |
| eAPM promedio | 28.4 |
| Aldeanos / militares | 131 / 76 |
Foco
⚔️ 32.0% · 🌾 68.0%
Archer ×66 · Spearman ×4 · Monk ×3 · Battering Ram ×2 · Trebuchet (Packed) ×1
Feudal
8:55
Castillos
22:55
Imperial
—
| APM promedio | 60.8 |
| APM pico | 125 |
| eAPM promedio | 30.4 |
| Aldeanos / militares | 123 / 46 |
Foco
⚔️ 47.8% · 🌾 52.2%
Archer ×24 · Knight ×9 · Scout Cavalry ×5 · Scorpion ×3 · Monk ×2 · Spearman ×2
Mapa de la partida
Recursos iniciales + cada clic de construcción. Líneas = muros · curvas = relieve. ◆ oro · ⬟ piedra · ● bayas · ✦ reliquia · ◌ hueco del cierre
Tu base· Abierta — hueco de 6t
Base de Courtesy· Abierta — hueco de 8t
Terreno inicial suavizado · ◌ = hueco del cierre detectado · pasá el cursor para detalles
Inputs por minuto
— Bubbagump - - Courtesy
Build order — Bubbagump
Primeras 150 de 356 acciones detectadas
| 0:00 | Encolar | Villager (Male) |
| 0:00 | Encolar | Villager (Male) |
| 0:01 | Encolar | Villager (Male) |
| 0:02 | Construir | House |
| 0:03 | Construir | House |
| 0:09 | Encolar | Villager (Male) |
| 1:25 | Encolar | Villager (Male) |
| 1:25 | Encolar | Villager (Male) |
| 1:57 | Construir | Lumber Camp |
| 1:59 | Encolar | Villager (Male) |
| 2:19 | Encolar | Villager (Male) |
| 2:47 | Encolar | Villager (Male) |
| 3:09 | Encolar | Villager (Male) |
| 3:34 | Construir | House |
| 3:38 | Encolar | Villager (Male) |
| 4:09 | Encolar | Villager (Male) |
| 4:13 | Encolar | Villager (Male) |
| 4:49 | Encolar | Villager (Male) |
| 4:56 | Construir | Mill |
| 4:58 | Encolar | Villager (Male) |
| 5:40 | Encolar | Villager (Male) |
| 5:45 | Investigar | Loom |
| 6:42 | Investigar | Feudal Age |
| 7:09 | Construir | Palisade Wall |
| 7:35 | Encolar | Villager (Male) |
| 7:53 | Construir | Palisade Wall |
| 8:09 | Construir | Barracks |
| 8:22 | Construir | House |
| 8:52 | Edad | Edad Feudal |
| 9:04 | Encolar | Spearman |
| 9:06 | Investigar | Double-Bit Axe |
| 9:07 | Investigar | Horse Collar |
| 9:08 | Encolar | Villager (Male) |
| 9:15 | Construir | Palisade Wall |
| 9:18 | Construir | Palisade Wall |
| 9:18 | Construir | Palisade Wall |
| 9:19 | Construir | Palisade Wall |
| 9:19 | Construir | Palisade Wall |
| 9:34 | Encolar | Villager (Male) |
| 9:41 | Construir | Stable |
| 9:56 | Encolar | Villager (Male) |
| 9:59 | Construir | Archery Range |
| 10:06 | Construir | Palisade Wall |
| 10:15 | Construir | Farm |
| 10:20 | Encolar | Villager (Male) |
| 10:38 | Construir | Mining Camp |
| 10:43 | Encolar | Villager (Male) |
| 10:56 | Construir | Palisade Wall |
| 10:59 | Construir | Palisade Gate |
| 11:07 | Construir | Farm |
| 11:12 | Encolar | Villager (Male) |
| 11:23 | Encolar | Spearman |
| 11:28 | Encolar | Villager (Male) |
| 11:35 | Encolar | Archer |
| 11:41 | Encolar | Villager (Male) |
| 11:46 | Construir | Farm |
| 11:50 | Construir | House |
| 11:57 | Construir | House |
| 11:58 | Encolar | Villager (Male) |
| 12:27 | Encolar | Villager (Male) |
| 12:31 | Encolar | Villager (Male) |
| 12:32 | Encolar | Spearman |
| 12:35 | Encolar | Villager (Male) |
| 12:35 | Encolar | Spearman |
| 12:41 | Encolar | Villager (Male) |
| 12:56 | Construir | Farm |
| 12:58 | Construir | Farm |
| 13:16 | Encolar | Villager (Male) |
| 13:30 | Encolar | Villager (Male) |
| 13:47 | Construir | Mill |
| 13:48 | Construir | Farm |
| 13:48 | Construir | Farm |
| 13:48 | Construir | Farm |
| 13:49 | Construir | Farm |
| 13:49 | Construir | Farm |
| 13:59 | Encolar | Archer |
| 14:03 | Construir | Palisade Wall |
| 14:05 | Construir | Palisade Wall |
| 14:14 | Construir | Farm |
| 14:34 | Construir | Farm |
| 14:38 | Construir | Farm |
| 14:38 | Encolar | Archer |
| 14:57 | Construir | Farm |
| 15:12 | Construir | Blacksmith |
| 15:29 | Construir | House |
| 15:35 | Investigar | Castle Age |
| 15:59 | Construir | House |
| 16:09 | Investigar | Fletching |
| 16:21 | Construir | Archery Range |
| 16:26 | Construir | House |
| 16:27 | Construir | House |
| 16:32 | Construir | Archery Range |
| 16:33 | Encolar | Archer |
| 16:37 | Investigar | Gold Mining |
| 16:38 | Encolar | Villager (Male) |
| 16:51 | Encolar | Archer |
| 17:02 | Encolar | Archer |
| 17:12 | Construir | House |
| 17:14 | Encolar | Archer |
| 17:27 | Encolar | Villager (Male) |
| 17:35 | Encolar | Archer |
| 17:46 | Construir | Farm |
| 17:47 | Construir | Farm |
| 17:49 | Construir | Farm |
| 17:53 | Encolar | Archer |
| 18:15 | Edad | Edad de los Castillos |
| 18:16 | Encolar | Villager (Male) |
| 18:25 | Investigar | Bodkin Arrow |
| 18:34 | Construir | Stone Wall |
| 18:36 | Encolar | Villager (Male) |
| 18:43 | Encolar | Villager (Male) |
| 18:50 | Encolar | Archer |
| 18:55 | Encolar | Archer |
| 19:03 | Encolar | Villager (Male) |
| 19:03 | Encolar | Archer |
| 19:09 | Encolar | Villager (Male) |
| 19:11 | Construir | House |
| 19:15 | Encolar | Villager (Male) |
| 19:16 | Encolar | Archer |
| 19:21 | Construir | Town Center |
| 19:24 | Encolar | Archer |
| 19:48 | Encolar | Archer |
| 19:49 | Encolar | Archer |
| 19:59 | Encolar | Villager (Male) |
| 19:59 | Encolar | Villager (Male) |
| 20:03 | Investigar | Bow Saw |
| 20:38 | Encolar | Villager (Male) |
| 20:40 | Encolar | Archer |
| 20:44 | Encolar | Villager (Male) |
| 20:46 | Encolar | Villager (Male) |
| 20:47 | Encolar | Archer |
| 20:54 | Encolar | Villager (Male) |
| 20:58 | Encolar | Archer |
| 21:00 | Encolar | Villager (Male) |
| 21:15 | Investigar | Crossbowman (upgrade) |
| 21:31 | Encolar | Villager (Male) |
| 21:45 | Encolar | Villager (Male) |
| 22:23 | Encolar | Villager (Male) |
| 22:24 | Encolar | Archer |
| 22:31 | Construir | Town Center |
| 22:34 | Encolar | Archer |
| 22:34 | Encolar | Archer |
| 22:57 | Encolar | Villager (Male) |
| 23:07 | Encolar | Villager (Male) |
| 23:09 | Investigar | Wheelbarrow |
| 23:10 | Encolar | Archer |
| 23:29 | Encolar | Villager (Male) |
| 23:29 | Encolar | Archer |
| 23:34 | Construir | Mining Camp |
| 23:59 | Encolar | Villager (Male) |
Build order — Courtesy
Primeras 150 de 299 acciones detectadas
| 0:01 | Encolar | Villager (Male) |
| 0:01 | Encolar | Villager (Male) |
| 0:02 | Construir | House |
| 0:03 | Construir | House |
| 0:10 | Encolar | Villager (Male) ×2 |
| 1:24 | Encolar | Villager (Male) |
| 1:59 | Encolar | Villager (Male) |
| 1:59 | Encolar | Villager (Male) |
| 2:15 | Encolar | Villager (Male) |
| 2:21 | Construir | Lumber Camp |
| 2:50 | Encolar | Villager (Male) |
| 3:10 | Encolar | Villager (Male) |
| 3:36 | Encolar | Villager (Male) |
| 3:54 | Construir | House |
| 4:11 | Encolar | Villager (Male) |
| 4:30 | Encolar | Villager (Male) |
| 4:39 | Construir | Mill |
| 4:49 | Encolar | Villager (Male) |
| 5:07 | Construir | House |
| 5:19 | Encolar | Villager (Male) |
| 5:22 | Encolar | Villager (Male) |
| 5:24 | Encolar | Villager (Male) |
| 5:58 | Encolar | Villager (Male) |
| 6:45 | Investigar | Feudal Age |
| 6:46 | Investigar | Feudal Age |
| 6:46 | Investigar | Feudal Age |
| 7:12 | Construir | Lumber Camp |
| 7:23 | Investigar | Loom |
| 7:56 | Construir | Barracks |
| 8:07 | Encolar | Villager (Male) |
| 8:13 | Construir | House |
| 8:24 | Investigar | Loom |
| 8:55 | Edad | Edad Feudal |
| 8:57 | Investigar | Loom |
| 8:59 | Construir | Stable |
| 9:03 | Encolar | Spearman |
| 9:05 | Encolar | Villager (Male) |
| 9:15 | Construir | House |
| 9:21 | Encolar | Spearman |
| 9:24 | Encolar | Villager (Male) |
| 9:34 | Investigar | Horse Collar |
| 9:44 | Construir | House |
| 9:45 | Encolar | Scout Cavalry |
| 10:00 | Construir | Farm |
| 10:01 | Encolar | Villager (Male) |
| 10:02 | Construir | Farm |
| 10:11 | Encolar | Villager (Male) |
| 10:16 | Construir | House |
| 10:17 | Construir | Palisade Wall |
| 10:26 | Construir | Farm |
| 10:37 | Encolar | Scout Cavalry |
| 10:37 | Encolar | Scout Cavalry |
| 10:44 | Construir | Farm |
| 11:03 | Encolar | Villager (Male) |
| 11:30 | Encolar | Villager (Male) |
| 11:30 | Encolar | Villager (Male) |
| 11:32 | Construir | Archery Range |
| 11:41 | Encolar | Villager (Male) |
| 11:42 | Construir | Mining Camp |
| 11:51 | Encolar | Villager (Male) |
| 11:51 | Encolar | Villager (Male) |
| 11:58 | Construir | House |
| 12:16 | Encolar | Villager (Male) |
| 12:34 | Encolar | Archer |
| 12:37 | Encolar | Villager (Male) |
| 12:52 | Construir | Archery Range |
| 12:53 | Encolar | Villager (Male) |
| 12:55 | Encolar | Villager (Male) |
| 12:59 | Construir | House |
| 13:06 | Encolar | Archer |
| 13:25 | Encolar | Villager (Male) |
| 13:35 | Encolar | Villager (Male) |
| 13:44 | Encolar | Scout Cavalry |
| 13:47 | Encolar | Villager (Male) |
| 13:49 | Construir | Blacksmith |
| 13:51 | Encolar | Archer |
| 14:00 | Encolar | Villager (Male) |
| 14:04 | Encolar | Archer |
| 14:12 | Encolar | Archer |
| 14:15 | Encolar | Scout Cavalry |
| 14:23 | Encolar | Villager (Male) |
| 14:25 | Construir | Farm |
| 14:28 | Construir | House |
| 14:33 | Encolar | Archer |
| 14:38 | Investigar | Fletching |
| 14:39 | Investigar | Fletching |
| 14:53 | Construir | Farm |
| 14:58 | Encolar | Villager (Male) |
| 15:00 | Construir | House |
| 15:07 | Encolar | Villager (Male) |
| 15:17 | Encolar | Archer |
| 15:18 | Encolar | Archer |
| 15:20 | Encolar | Villager (Male) |
| 15:30 | Encolar | Villager (Male) |
| 15:32 | Construir | Mill |
| 15:54 | Encolar | Villager (Male) |
| 15:59 | Encolar | Archer |
| 16:00 | Encolar | Archer |
| 16:06 | Construir | Farm |
| 16:28 | Encolar | Archer |
| 16:28 | Encolar | Archer |
| 16:31 | Encolar | Villager (Male) |
| 16:32 | Construir | Farm |
| 16:34 | Construir | Farm |
| 16:43 | Encolar | Archer |
| 16:48 | Encolar | Villager (Male) |
| 16:59 | Investigar | Padded Archer Armor |
| 17:06 | Encolar | Villager (Male) |
| 17:08 | Encolar | Villager (Male) |
| 17:11 | Encolar | Archer |
| 17:12 | Encolar | Villager (Male) |
| 17:17 | Construir | Mining Camp |
| 17:24 | Encolar | Villager (Male) |
| 17:25 | Construir | House |
| 17:41 | Encolar | Archer |
| 17:51 | Encolar | Villager (Male) |
| 18:03 | Encolar | Villager (Male) |
| 18:05 | Construir | Watch Tower |
| 18:18 | Encolar | Villager (Male) |
| 18:24 | Encolar | Archer |
| 18:24 | Encolar | Archer |
| 18:28 | Construir | Farm |
| 18:29 | Construir | Farm |
| 18:49 | Encolar | Villager (Male) |
| 18:53 | Encolar | Archer |
| 19:03 | Construir | Farm |
| 19:08 | Construir | House |
| 19:19 | Encolar | Archer |
| 19:29 | Construir | Palisade Wall |
| 19:29 | Construir | Palisade Wall |
| 19:30 | Construir | Palisade Wall |
| 19:37 | Construir | Market |
| 20:03 | Construir | Watch Tower |
| 20:15 | Investigar | Castle Age |
| 20:32 | Encolar | Villager (Male) |
| 20:48 | Encolar | Archer |
| 20:49 | Encolar | Archer |
| 20:58 | Construir | Mining Camp |
| 21:03 | Investigar | Gold Mining |
| 21:14 | Construir | Palisade Wall |
| 21:14 | Construir | Palisade Wall |
| 21:14 | Construir | Palisade Wall |
| 21:15 | Construir | Palisade Wall |
| 21:15 | Construir | Palisade Wall |
| 21:19 | Construir | Watch Tower |
| 21:22 | Encolar | Villager (Male) |
| 21:38 | Encolar | Archer |
| 21:49 | Encolar | Archer |
| 22:05 | Construir | Palisade Wall |
| 22:22 | Encolar | Archer |
Cronología de la partida
| 7:09 | Bubbagump · wall_segment Palisade Wall x6 |
| 7:53 | Bubbagump · wall_segment Palisade Wall x6 |
| 7:56 | Courtesy · first_building Barracks |
| 8:09 | Bubbagump · first_building Barracks |
| 8:52 | Bubbagump · age_up feudal |
| 8:55 | Courtesy · age_up feudal |
| 8:59 | Courtesy · first_building Stable |
| 9:15 | Bubbagump · wall_segment Palisade Wall x1 |
| 9:18 | Bubbagump · wall_segment Palisade Wall x1 |
| 9:18 | Bubbagump · wall_segment Palisade Wall x1 |
| 9:19 | Bubbagump · wall_segment Palisade Wall x1 |
| 9:19 | Bubbagump · wall_segment Palisade Wall x1 |
| 9:41 | Bubbagump · first_building Stable |
| 9:59 | Bubbagump · first_building Archery Range |
| 10:06 | Bubbagump · wall_segment Palisade Wall x1 |
| 10:17 | Courtesy · wall_segment Palisade Wall x1 |
| 10:56 | Bubbagump · wall_segment Palisade Wall x5 |
| 11:32 | Courtesy · first_building Archery Range |
| 14:03 | Bubbagump · wall_segment Palisade Wall x1 |
| 14:05 | Bubbagump · wall_segment Palisade Wall x1 |
| 18:15 | Bubbagump · age_up castle |
| 18:34 | Bubbagump · wall_segment Stone Wall x1 |
| 19:29 | Courtesy · wall_segment Palisade Wall x1 |
| 19:29 | Courtesy · wall_segment Palisade Wall x2 |
| 19:30 | Courtesy · wall_segment Palisade Wall x1 |
| 21:14 | Courtesy · wall_segment Palisade Wall x1 |
| 21:14 | Courtesy · wall_segment Palisade Wall x2 |
| 21:14 | Courtesy · wall_segment Palisade Wall x1 |
| 21:15 | Courtesy · wall_segment Palisade Wall x1 |
| 21:15 | Courtesy · wall_segment Palisade Wall x1 |
| 21:18 | Courtesy · first_market_buy 100 stone |
| 22:05 | Courtesy · wall_segment Palisade Wall x1 |
| 22:55 | Courtesy · age_up castle |
| 24:26 | Courtesy · first_building Monastery |
| 25:16 | Courtesy · first_building Siege Workshop |
| 25:21 | Bubbagump · first_building Siege Workshop |
| 30:18 | Bubbagump · first_building Castle |
| 30:36 | Bubbagump · first_building Monastery |
| 35:35 | Bubbagump · age_up imperial |
| 35:43 | Bubbagump · first_market_sell 100 wood |
| 35:51 | Courtesy · first_building Castle |
| 36:06 | Courtesy · resign |
[ ANÁLISIS IA · 1 CRÉDITO ]
¿Qué pasó realmente en esta partida?
Wolo.gg analiza cada decisión: build order, eco, micro, errores típicos por bracket. Análisis personalizado por WhatsApp o Discord en 30 segundos.
Guía civ
Polacos
Perfil
Jugador #412636